 Dungeon Crawl Stone Soup version 0.16.2-12-gd0ad4c3 (webtiles) character file.

39 faibistes the Magician (level 3, -3/19 HPs)
             Began as a Deep Elf Wizard on Dec 30, 2018.
             Slain by an orc
             ... wielding a +0 flail
              (6 damage)
             ... on level 3 of the Dungeon.
             The game lasted 00:03:34 (1521 turns).

faibistes the Magician (Deep Elf Wizard)            Turns: 1521, Time: 00:03:34

Health: -3/19      AC:  2    Str:  4    XL:     3   Next: 28%
Magic:  14/14      EV: 13    Int: 23    God:
Gold:   94         SH:  0    Dex: 13    Spells: 5 memorised, 1 level left

rFire  . . .     SeeInvis .     i - +0 dagger (elec)
rCold  . . .     Clarity  .     a - +0 robe
rNeg   . . .     SustAb   .     (no shield)
rPois  .         Gourm    .     b - +0 hat
rElec  .         Spirit   .     (no cloak)
rCorr  .         Warding  .     (no gloves)
rMut   .         Stasis   .     (no boots)
MR     .....                    h - amulet of rage
Stlth  ++........               (no ring)
                                j - ring of invisibility

@: not resistant to hostile enchantments, unstealthy
A: no striking features
a: Evoke Berserk Rage, Evoke Invisibility


You were on level 3 of the Dungeon.
You were hungry.

You visited 1 branch of the dungeon, and saw 3 of its levels.

You collected 94 gold pieces.

Inventory:

Hand weapons
 f - a +0 dagger
 i - a +0 dagger of electrocution (weapon)
Armour
 a - a +0 robe (worn)
 b - a +0 hat (worn)
Jewellery
 h - an amulet of rage (around neck)
 j - a ring of invisibility (left hand)
Scrolls
 l - a scroll of random uselessness {unknown}
 m - a scroll of fear {unknown}
 q - 3 scrolls of identify {unknown}
 r - a scroll of noise {unknown}
Potions
 e - a potion of restore abilities {unknown}
 p - a potion of heal wounds {unknown}
Books
 c - a book of Minor Magic

   Spells                             Type                      Level
   a - Magic Dart                     Conjuration                  1
   b - Blink                          Translocation                2
   c - Call Imp                       Summoning                    2
   d - Repel Missiles                 Charms/Air                   2
   e - Slow                           Hexes                        2
   f - Conjure Flame                  Conjuration/Fire             3
   g - Mephitic Cloud                 Conjuration/Poison/Air       3
Comestibles
 d - 2 bread rations
 g - 2 meat rations
 k - 5 fruits
 n - 3 slices of pizza


   Skills:
 + Level 2.8 Dodging
 - Level 2.4 Stealth
 * Level 5.4 Spellcasting
 * Level 2.0 Conjurations
 - Level 1.1 Summonings
 - Level 1.1 Translocations


You had one spell level left.
You knew the following spells:

 Your Spells              Type           Power        Failure   Level  Hunger
a - Magic Dart            Conj           ###.         4%          1    None
b - Conjure Flame         Conj/Fire      ##......     21%         3    ##.....
c - Call Imp              Summ           ##......     12%         2    None
d - Blink                 Tloc           N/A          12%         2    None
e - Mephitic Cloud        Conj/Pois/Air  #.......     21%         3    ##.....


Dungeon Overview and Level Annotations

Branches:
Dungeon (3/15)

Altars:


Message History

Press: ? - help, Shift-Dir - straight line, f - bat
Aim: a bat The magic dart hits the bat.
You kill the bat!
Casting: Magic Dart
Confirm with . or Enter, or press ? or * to list all spells.
You can't see any susceptible monsters within range! (Use Z to cast anyway.) Unknown command.
n - 3 slices of pizza (gained 1)
You start resting.
Your magical contamination has completely faded away.
You start resting.
Magic restored.
There is a stone staircase leading down here.
You climb downwards.
The orc barely misses you. The orc hits you with a flail!
There is a stone staircase leading up, spattered with blood here.
The orc hits you with a hand axe!
* * * LOW HITPOINT WARNING * * *
The orc hits you with a flail.
You die...

... #......
#..... ##.....
..... #...# #
##...
....)#.oo####....
#.......@........
#.#.).#####......
... ... . #


You could see 2 orcs.

Vanquished Creatures
  A giant mite (D:1)
  2 giant geckos (D:1)
  2 orcs (D:3)
  3 bats
  2 hobgoblins (D:1)
  3 jackals (D:1)
  A giant newt (D:1)
  2 goblins (D:1)
  A jackal zombie (D:1)
  9 kobolds (D:1)
  A quokka zombie (D:1)
  5 rats (D:1)
32 creatures vanquished.

Notes
Turn   | Place    | Note
--------------------------------------------------------------
     0 | D:1      | faibistes, the Deep Elf Wizard, began the quest for the Orb.
     0 | D:1      | Reached XP level 1. HP: 10/10 MP: 6/6
   406 | D:1      | Reached XP level 2. HP: 15/15 MP: 0/10
   410 | D:1      | Learned a level 2 spell: Blink
   413 | D:1      | Learned a level 2 spell: Call Imp
   551 | D:1      | Reached skill level 5 in Spellcasting
   858 | D:1      | Reached XP level 3. HP: 19/19 MP: 5/14
   867 | D:1      | Learned a level 3 spell: Conjure Flame
   871 | D:1      | Learned a level 3 spell: Mephitic Cloud
  1521 | D:3      | Slain by an orc

Action                   || total
-------------------------++-------
 Cast: Magic Dart        ||    67
       Mephitic Cloud    ||     2
  Eat: Chunk             ||     1
